 Dungeon Sprint DCSS version 0.20-a0-1116-gaa52201 (webtiles) character file.

122 potatolord5000 the Skirmisher (level 4, -12/42 HPs)
             Began as a Draconian Gladiator on May 8, 2017.
             Killed from afar by a deep elf mage (27 damage)
             ... with a bolt of lightning
             ... in the Dungeon (Sprint III: "The Ten Rune Challenge").
             The game lasted 00:03:58 (629 turns).

potatolord5000 the Skirmisher (Draconian Gladiator)  Turns: 629, Time: 00:03:58

Health: -12/42     AC:  5    Str: 16    XL:     4   Next: 78%
Magic:  3/3        EV: 15    Int: 13    God:
Gold:   29         SH:  0    Dex: 14    Spells: 3/3 levels left

rFire    . . .     SeeInvis .   a - +0 quarterstaff
rCold    . . .     Gourm    .   (shield currently unavailable)
rNeg     . . .     Faith    .   (armour unavailable)
rPois    .         Spirit   .   b - +0 hat
rElec    .         Reflect  .   (no cloak)
rCorr    .         Harm     .   (no gloves)
MR       .....     NoTele   +   (no boots)
Stlth    ++++......             (no amulet)
Regen    0.2/turn               (no ring)
MPRegen  0.1/turn               (no ring)

@: brilliant
A: unfitting armour, stinger 1, camouflage 1, low mp 1, cold-blooded, AC +5
a: no special abilities


You were in the Dungeon.
You were full.

You visited 1 branch You collected 29 gold pieces.

Inventory:

Hand Weapons
 a - a +0 quarterstaff (weapon)
Armour
 b - a +0 hat (worn)
Scrolls
 c - a scroll of immolation {unknown}
 f - 4 scrolls of identify
 g - a scroll of enchant weapon {unknown}
 j - a scroll of blinking
 l - a scroll of torment {unknown}
Potions
 e - 2 potions of curing
 h - 2 potions of magic
 k - a potion of brilliance
Comestibles
 i - 3 fruits
 m - a royal jelly


   Skills:
 + Level 5.6 Fighting
 + Level 5.5 Staves
 - Level 1.7 Throwing
 + Level 5.1 Dodging
 + Level 4.4 Stealth


You had 3 spell levels left.
You didn't know any spells.

Dungeon Overview and Level Annotations

Branches:
Dungeon (1/1)

Altars:
Elyvilon
Zin
The Shining One


Innate Abilities, Weirdness & Mutations

Your plain brown scales are hard. (AC +5)
You cannot fit into any form of body armour.
You are cold-blooded and may be slowed by cold attacks.
Your tail ends in a poisonous barb.
Your skin changes colour to match your surroundings (Stealth+).
Your magical capacity is low. (-10% MP)


Message History

The deep elf mage is heavily wounded.
The deep elf mage hits you but does no damage.
You sock the deep elf mage!
The deep elf mage is almost dead.
The deep elf mage hits you but does no damage.
You hit the deep elf mage.
The deep elf mage is almost dead.
The deep elf mage casts a spell.
The deep elf mage blinks!
The deep elf mage casts a spell at you. The bolt of lightning hits you!
Ouch! That really hurt!
There is an open door, spattered with blood here.
You are starting to lose your buoyancy.
You reach down and close the door.
You float gracefully downwards.
A deep elf mage opens the door.
The deep elf mage gestures at you while chanting.
The bolt of lightning hits you!
Ouch! That really hurt!
You die...

▓▓▓▓ ▓▓▓ (..####
##.#####
......#####..#___#
.......#..#..#...#
#.##.).#..#..###@#+###+#
#.###..##'#..#...e......
##.##..###...'.⌠........
..##..####...#...######+
..##..###....#.⌠.#
.##...##.....#...#
##....#......#+###
##..##.#.....#
#..#####....#


You could see a deep elf mage.

Vanquished Creatures
  A water elemental (D)
  Jessica (D)
  A human (D)
  A wolf (D)
  An ooze (D)
  A rat (D)
6 creatures vanquished.

Vanquished Creatures (others)
  2 draconian scorchers (D)
  6 hellions (D)
  A yaktaur (D)
9 creatures vanquished.

Grand Total: 15 creatures vanquished

Notes
Turn   | Place    | Note
-------+----------+-------------------------------------------
     0 | D        | potatolord5000 the Draconian Gladiator began the quest for the Orb.
     0 | D        | Reached XP level 1. HP: 17/17 MP: 1/1
    12 | D        | Reached skill level 1 in Stealth
    34 | D        | Noticed Jessica
    45 | D        | Killed Jessica
    45 | D        | Reached XP level 2. HP: 25/27 MP: 2/2
    45 | D        | Reached XP level 3. HP: 30/33 MP: 3/3
    81 | D        | Killed a yaktaur
    83 | D        | Killed a hellion
    87 | D        | Killed a hellion
    90 | D        | Killed a hellion
    91 | D        | Killed a hellion
   105 | D        | Gained mutation: You have sharp toenails. [potion of mutation]
   105 | D        | Gained mutation: You have an increased reservoir of magic. (+10% MP) [potion of mutation]
   105 | D        | Gained mutation: Your flesh is cold resistant. (rC+) [potion of mutation]
   106 | D        | Lost mutation: You have sharp toenails. [potion of mutation]
   106 | D        | Lost mutation: Your flesh is cold resistant. (rC+) [potion of mutation]
   106 | D        | Lost mutation: You have an increased reservoir of magic. (+10% MP) [potion of mutation]
   106 | D        | Gained mutation: You have an increased reservoir of magic. (+10% MP) [potion of mutation]
   106 | D        | Gained mutation: You possess an exceptional clarity of mind. [potion of mutation]
   107 | D        | Lost mutation: You possess an exceptional clarity of mind. [potion of mutation]
   107 | D        | Lost mutation: You have an increased reservoir of magic. (+10% MP) [potion of mutation]
   107 | D        | Gained mutation: You are weak. (Str -2) [potion of mutation]
   107 | D        | Gained mutation: You have a pair of small horns on your head. [potion of mutation]
   108 | D        | Lost mutation: You have a pair of small horns on your head. [potion of mutation]
   108 | D        | Lost mutation: You are weak. (Str -2) [potion of mutation]
   108 | D        | Gained mutation: You possess an exceptional clarity of mind. [potion of mutation]
   108 | D        | Gained mutation: You have sharp toenails. [potion of mutation]
   108 | D        | Gained mutation: Your flesh is cold resistant. (rC+) [potion of mutation]
   109 | D        | Lost mutation: You possess an exceptional clarity of mind. [potion of mutation]
   109 | D        | Lost mutation: Your flesh is cold resistant. (rC+) [potion of mutation]
   109 | D        | Lost mutation: You have sharp toenails. [potion of mutation]
   109 | D        | Gained mutation: Your skin changes colour to match your surroundings (Stealth+). [potion of mutation]
   109 | D        | Gained mutation: Your magical capacity is low. (-10% MP) [potion of mutation]
   109 | D        | Gained mutation: Your tail ends in a poisonous barb. [potion of mutation]
   123 | D        | Killed a hellion
   125 | D        | Killed a white draconian scorcher
   156 | D        | Killed a hellion
   187 | D        | Killed a white draconian scorcher
   327 | D        | Noticed a water elemental
   336 | D        | Killed a water elemental
   336 | D        | Reached skill level 5 in Fighting
   336 | D        | Reached skill level 5 in Staves
   336 | D        | Reached skill level 5 in Dodging
   336 | D        | Reached XP level 4. HP: 5/42 MP: 3/3
   605 | D        | Found a glowing silver altar of Zin.
   605 | D        | Found a glowing golden altar of the Shining One.
   605 | D        | Found a white marble altar of Elyvilon.
   606 | D        | Noticed a deep elf mage
   629 | D        | Killed from afar by a deep elf mage

Vault maps used:
D:        dungeon_sprint_mu

Skill      XL: |  1  2  3 |
---------------+----------+-----
Dodging        | 3 5 |  5.1
Stealth        | 2 4 |  4.4
Fighting       | 4 5 |  5.6
Staves         | 4 5 |  5.5
Throwing       | |  1.7

Action                   |  1- 3 |  4- 6 || total
-------------------------+-------+-------++-------
Melee: Quarterstaff      |    27 |     7 ||    34
       Tailslap          |     8 |     2 ||    10
  Use: Potion            |     8 |     2 ||    10
 Stab: Sleeping          |     2 |     1 ||     3
  Eat: Bread ration      |     1 |       ||     1
Armor: Skin              |     4 |     2 ||     6
Dodge: Dodged            |    21 |       ||    21
